 Dungeon Crawl Stone Soup version 0.20-a0-435-gf4ea4dd (webtiles) character file.

458 junb69 the Twirler (level 6, 0/44 HPs)
             Began as a Demonspawn Gladiator on Jan 5, 2017.
             Was an Initiate of Ashenzari.
             Shot with an arrow by a centaur (12 damage)
             ... on level 5 of the Dungeon.
             The game lasted 00:08:54 (4194 turns).

junb69 the Twirler (Demonspawn Gladiator)           Turns: 4194, Time: 00:08:54

Health: 0/44       AC:  8    Str: 15    XL:     6   Next: 77%
Magic:  6/6        EV:  7    Int: 10    God:    Ashenzari [......]
Gold:   262        SH:  4    Dex: 15    Spells: 5/5 levels left

rFire  . . .     SeeInvis .     a - +0 quarterstaff
rCold  . . .     Gourm    .     B - +0 chain mail
rNeg   + . .     Faith    .     (shield currently unavailable)
rPois  .         Spirit   .     (helmet restricted)
rElec  .         Reflect  +     (no cloak)
rCorr  .         Harm     .     (no gloves)
MR     .....                    (no boots)
Stlth  ..........               t - +4 amulet of reflection (curse)
                                (no ring)
                                v - ring of positive energy

@: no status effects
A: antennae 2, demonic guardian 1, spiny 1
a: Curse Item, Renounce Religion


You were on level 5 of the Dungeon.
You worshipped Ashenzari.
Ashenzari was noncommittal.
You were hungry.

You visited 2 branches of the dungeon, and saw 6 of its levels.

You collected 262 gold pieces.

Inventory:

Hand Weapons
 a - a +0 quarterstaff (weapon)
Missiles
 d - 3 throwing nets (quivered)
Armour
 B - a +0 chain mail (worn)
Jewellery
 q - an uncursed amulet of faith
 t - a cursed +4 amulet of reflection (around neck)
 v - a ring of positive energy (left hand)
Scrolls
 e - 4 scrolls of teleportation
 g - a scroll of fog
 l - a scroll of blinking
 p - 2 scrolls of remove curse
 w - 2 scrolls of recharging
 y - 2 scrolls of enchant armour
Potions
 b - 2 potions of degeneration {unknown}
 c - 6 potions of curing
 i - a potion of magic {unknown}
 j - a potion of might {unknown}
 k - a potion of haste {unknown}
 n - 3 potions of heal wounds {unknown}
 o - a potion of ambrosia {unknown}
 r - a potion of cure mutation {unknown}
 s - a potion of lignification {unknown}
 u - a potion of flight {unknown}
 x - 2 potions of brilliance {unknown}
Comestibles
 f - 4 bread rations
 h - 3 meat rations
 z - a beef jerky


   Skills:
 - Level 2.0 Fighting
 * Level 7.1 Staves
 - Level 1.7 Throwing
 - Level 2.6 Dodging


You had 5 spell levels left.
You didn't know any spells.

Dungeon Overview and Level Annotations

Branches:
Dungeon (5/15)             Temple (1/1) D:4

Altars:
Ashenzari
Cheibriados
Dithmenos
Elyvilon
Fedhas
Gozag
Hepliaklqana
Makhleb
Nemelex Xobeh
Okawaru
Qazlal
Ru
Sif Muna
Trog
Uskayaw
Xom
Yredelemnul
Zin
The Shining One


Innate Abilities, Weirdness & Mutations

You have a pair of antennae on your head.
A weak demonic guardian rushes to your aid.
You are partially covered in sharp spines.


Message History

You see here an arrow.
Unknown command.
Your quasit barely misses the bullfrog skeleton.
Your quasit claws the bullfrog skeleton. x2
The centaur shoots an arrow.
The arrow hits your quasit but does no damage.
The bullfrog skeleton is struck by your spines.
The bullfrog skeleton hits you but does no damage.
Your quasit barely misses the bullfrog skeleton. x2
Your quasit claws the bullfrog skeleton.
The centaur shoots an arrow.
The arrow hits your quasit!
There is a stone staircase leading up here.
Unknown command.
You block the jackal's attack.
The bullfrog skeleton is struck by your spines.
You destroy the bullfrog skeleton!
Your quasit misses something.
Your quasit claws something.
Your quasit barely misses something.
The centaur shoots an arrow.
The arrow closely misses your quasit. The arrow hits you!
You die...

#####..#....#
............#...
.####.#####...(.....#
..............##.#.#
....####...†....#
#..##)...>####.._..
...#.#...# #.#.
#.#...#.####.. ..
.###.@h..........
........{(........#
........55(...>.#.#
...........(.......
.........r......#.#
####..........c.#.#
#......!.....(..#
...#....##...#.##
......... .......


You could see a centaur, a quokka, a jackal and 2 friendly quasits.

Vanquished Creatures
  An ice beast (D:4)
  A crimson imp (D:5)
  2 hounds
  A bullfrog skeleton (D:5)
  An iguana (D:4)
  2 worker ants (D:4)
  4 adders
  3 gnolls (D:2)
  2 worms (D:2)
  2 leopard geckos (D:2)
  An orc (D:3)
  2 ball pythons
  7 giant cockroaches
  7 goblins
  4 hobgoblins
  8 jackals
  3 quokkas
  A ball python skeleton (D:4)
  9 bats
  6 frilled lizards
  9 kobolds
  2 quokka skeletons (D:4)
  9 rats
87 creatures vanquished.

Vanquished Creatures (collateral kills)
  A howler monkey (D:4)
  A hound (D:2)
  A gnoll (D:2)
  A leopard gecko (D:4)
4 creatures vanquished.

Grand Total: 91 creatures vanquished

Notes
Turn   | Place    | Note
-------+----------+-------------------------------------------
     0 | D:1      | junb69 the Demonspawn Gladiator began the quest for the Orb.
     0 | D:1      | Reached XP level 1. HP: 16/16 MP: 1/1
   111 | D:1      | Reached skill level 3 in Staves
   190 | D:1      | Gained mutation: You have a pair of small antennae on your head. [demonic ancestry]
   190 | D:1      | Reached XP level 2. HP: 20/22 MP: 2/2
   860 | D:2      | Reached XP level 3. HP: 17/27 MP: 3/3
  1187 | D:2      | Reached skill level 4 in Staves
  1236 | D:2      | Gained mutation: A weak demonic guardian rushes to your aid. [demonic ancestry]
  1236 | D:2      | Reached XP level 4. HP: 18/33 MP: 4/4
  1494 | D:2      | Found a snail-covered altar of Cheibriados.
  1685 | D:2      | Reached skill level 5 in Staves
  1692 | D:2      | Gained mutation: You have a pair of antennae on your head. [demonic ancestry]
  1692 | D:2      | Reached XP level 5. HP: 9/38 MP: 5/5
  1973 | D:2      | Found a hazy altar of Hepliaklqana.
  2258 | D:2      | Found an iron altar of Okawaru.
  2608 | D:3      | Found an opulent altar of Gozag.
  3280 | D:4      | Reached skill level 6 in Staves
  3305 | D:4      | Gained mutation: You are partially covered in sharp spines. [demonic ancestry]
  3305 | D:4      | Reached XP level 6. HP: 27/44 MP: 6/6
  3532 | D:4      | Found a staircase to the Ecumenical Temple.
  3549 | Temple   | Entered the Ecumenical Temple
  3604 | Temple   | Became a worshipper of Ashenzari the Shackled
  3693 | D:4      | Noticed an ice beast
  3705 | D:4      | Killed an ice beast
  4156 | D:5      | Entered Level 5 of the Dungeon
  4162 | D:5      | Found a deep blue altar of Sif Muna.
  4175 | D:5      | Reached skill level 7 in Staves
  4186 | D:5      | Noticed a sky beast
  4194 | D:5      | Shot with an arrow by a centaur

Vault maps used:
D:1:      sevenhm_arrival_forest_fort_large_1, hex_large
D:2:      marbit_many_paths, lemuel_crystal_altar, old_standard_altar,
          first_bread, cheibrodos_gnoll_hut
D:3:      old_standard_altar
D:5:      lemuel_crystal_altar, serial_shops,
          nicolae_shop_competitors_out_of_business, basic_altar,
          uniq_blork_the_orc
Temple:   zaba_magenta_temple

Skill      XL: |  1  2  3  4  5  6 |
---------------+-------------------+-----
Staves         | 3 4 5 6 7 |  7.1
Fighting       | |  2.0
Throwing       | |  1.7
Dodging        | |  2.6

Action                   |  1- 3 |  4- 6 || total
-------------------------+-------+-------++-------
Melee: Quarterstaff      |    85 |   171 ||   256
Throw: Throwing net      |     4 |       ||     4
Invok: Curse Item        |       |     1 ||     1
  Use: Scroll            |       |     8 ||     8
       Potion            |       |     1 ||     1
 Stab: Distracted        |       |     1 ||     1
  Eat: Chunk             |     1 |     9 ||    10
Armor: Leather armour    |    34 |     6 ||    40
       Ring mail         |       |    39 ||    39
       Chain mail        |       |     8 ||     8
Dodge: Dodged            |    66 |    91 ||   157
Block: Other             |       |    11 ||    11
       Reflection        |       |     1 ||     1
